 Dungeon Crawl Stone Soup version 0.29.1-1-gd02db6906a (webtiles) character file.

Game seed: 12115195143879217236

369 warriortoast the Conjurer (level 6, -4/32 HPs)
             Began as a Deep Elf Conjurer on Oct 11, 2022.
             Slain by a mummy (5 damage)
             ... on level 5 of the Dungeon.
             The game lasted 00:06:30 (3357 turns).

warriortoast the Conjurer (Deep Elf Conjurer)       Turns: 3357, Time: 00:06:31

Health: -4/32      AC:  4    Str:  4    XL:     6   Next: 41%
Magic:  11/17      EV: 12    Int: 25    God:
Gold:   164        SH:  0    Dex: 13    Spells: 14/18 levels left

rFire   . . .      SeeInvis .   g - +1 short sword (holy)
rCold   . . .      Faith    .   (no shield)
rNeg    . . .      Spirit   .   a - +0 robe
rPois   .          Reflect  .   f - +1 helmet
rElec   .          Harm     .   (no cloak)
rCorr   .          Rampage  .   (no gloves)
Will    .....                   (no boots)
Stlth   ++........              (no amulet)
HPRegen 0.10/turn               (no ring)
MPRegen 0.15/turn               (no ring)

@: no status effects
A: no striking features
a: no special abilities


You were on level 5 of the Dungeon.
You visited 1 branch of the dungeon, and saw 4 of its levels.
You also visited: Ossuary.

You collected 164 gold pieces.

Inventory:

Hand Weapons
 g - a +1 short sword of holy wrath (weapon)
Armour
 a - a +0 robe (worn)
 f - a +1 helmet (worn)
Scrolls
 c - a scroll of immolation
 d - 3 scrolls of identify
 e - a scroll of magic mapping {unknown}
 i - a scroll of blinking {unknown}
 j - a scroll of enchant weapon
Potions
 h - 2 potions of might {unknown}
 k - a potion of cancellation {unknown}
 m - a potion of curing
 n - a potion of berserk rage {unknown}


   Skills:
 - Level 2.4 Dodging
 - Level 2.4 Stealth
 + Level 6.5 Spellcasting
 + Level 6.5 Conjurations
 + Level 2.5 Hexes


You had 14 spell levels left.
You knew the following spells:

 Your Spells              Type           Power      Damage    Failure   Level
a - Magic Dart            Conj           100%       1d8       1%          1
b - Dazzling Flash        Conj/Hex       60%        N/A       3%          3

Your spell library contained the following spells:

 Spells                   Type           Power      Damage    Failure   Level
 Searing Ray              Conj           82%        2d7       1%          2
 Fulminant Prism          Conj/Hex       15%        3d11      11%         4
 Iskenderun's Mystic Bla  Conj/Tloc      24%        2d7       19%         4
 Summon Ice Beast         Ice/Summ       8%         N/A       56%         4
 Summon Mana Viper        Hex/Summ       14%        N/A       75%         5
 Summon Forest            Summ/Tloc      4%         N/A       89%         5
 Summon Cactus Giant      Summ           4%         N/A       100%        6
 Monstrous Menagerie      Summ           4%         N/A       100%        7


Dungeon Overview and Level Annotations

Branches:
Dungeon (5/15)            Ossuary (visited)
 Temple: D:4-7

Altars:


Message History

Confirm with . or Enter, or press ? or * to list all spells.
Aiming: Magic Dart (safe; 1% risk of failure)
Press: ? - help, Shift-Dir - straight line, f/p - bullfrog zombie
Aim: a bullfrog zombie (heavily damaged, 100% to hit)
The magic dart hits the bullfrog zombie.
The bullfrog zombie is severely damaged.
The bullfrog zombie barely misses you. The bullfrog zombie hits you.
* * * LOW HITPOINT WARNING * * *
Casting: Magic Dart (safe; 1% risk of failure)
Confirm with . or Enter, or press ? or * to list all spells.
Aiming: Magic Dart (safe; 1% risk of failure)
Press: ? - help, Shift-Dir - straight line, f/p - bullfrog zombie
Aim: a bullfrog zombie (severely damaged, 100% to hit)
The magic dart hits the bullfrog zombie.
The bullfrog zombie is severely damaged.
The bullfrog zombie barely misses you.
Casting: Magic Dart (safe; 1% risk of failure)
Confirm with . or Enter, or press ? or * to list all spells.
Aiming: Magic Dart (safe; 1% risk of failure)
Press: ? - help, Shift-Dir - straight line, f/p - bullfrog zombie
Aim: a bullfrog zombie (severely damaged, 100% to hit)
The magic dart hits the bullfrog zombie.
The bullfrog zombie is severely damaged.
The bullfrog zombie hits you.
* * * LOW HITPOINT WARNING * * *
Casting: Magic Dart (safe; 1% risk of failure)
Confirm with . or Enter, or press ? or * to list all spells.
You don't know that spell.
Unknown command.
The bullfrog zombie hits you.
* * * LOW HITPOINT WARNING * * *
There is a gate leading back out of this place here.
The bullfrog zombie hits you.
* * * LOW HITPOINT WARNING * * *
Welcome back to the Dungeon!
There is a collapsed entrance here.
You hit the mummy.
The mummy convulses.
The mummy is lightly damaged.
The mummy hits you.
You die... .##.## ..... #+#+#+# ####.#.# +...M@# ..#.#b## #...### ##.bb...# +...'.# ..bbbbb#

#+#+#.######bbb..#
#.#...##..bb.#
####'#...###b#.##
#........# #b# #
#........# #.#
#........# #.#


You could see a mummy.

Vanquished Creatures
  An elf zombie (D:5)
  An elf skeleton (D:5)
  2 centaur zombies (Ossuary)
  A bullfrog zombie (Ossuary)
  A mummy (Ossuary)
  Robin (D:2)
  6 adders
  A worm (D:2)
  An orc (D:5)
  5 ball pythons
  9 endoplasms
  3 giant cockroaches
  8 goblins
  10 hobgoblins
  3 quokkas
  5 bats
  3 frilled lizards
  3 rats (D:1)
64 creatures vanquished.

Vanquished Creatures (others)
  5 fungi (D:2)
  6 plants (D:2)
  14 withered plants (Ossuary)
25 creatures vanquished.

Grand Total: 89 creatures vanquished

Notes
Turn   | Place    | Note
-------+----------+-------------------------------------------
     0 | D:1      | warriortoast the Deep Elf Conjurer began the quest for the
                  | Orb.
     0 | D:1      | Reached XP level 1. HP: 10/10 MP: 6/6
   244 | D:1      | Reached XP level 2. HP: 15/15 MP: 4/8
   675 | D:2      | Noticed Robin
   896 | D:2      | Reached skill level 5 in Conjurations
   896 | D:2      | Reached XP level 3. HP: 17/19 MP: 2/10
  1516 | D:2      | Reached XP level 4. HP: 24/24 MP: 3/12
  1676 | D:2      | Killed Robin
  2048 | D:2      | Found a faded altar of an unknown god.
  2126 | D:2      | Reached skill level 5 in Spellcasting
  2619 | D:3      | You fall into a shaft and drop 2 floors!
  2619 | D:5      | Entered Level 5 of the Dungeon
  2888 | D:5      | Reached XP level 5. HP: 16/28 MP: 4/15
  2969 | D:5      | Learned a level 3 spell: Dazzling Flash
  2977 | D:5      | Found a sand-covered staircase.
  2997 | D:5      | Reached skill level 1 in Hexes
  3179 | Ossuary  | Entered an ossuary
  3244 | Ossuary  | Reached XP level 6. HP: 17/32 MP: 4/17
  3355 | Ossuary  | HP: 1/32 [bullfrog zombie (4)]
  3357 | D:5      | Slain by a mummy

Illustrated notes

Levels and vault maps discovered:
D:1:      psy_arrival_spokes, layout_rooms
D:2:      layout_loops_cross, dreamdust_ecumenical_altar_grove, uniq_robin
D:3:      layout_basic, cheibriados_altar_1, dilly_guarded_unrand_throatcut
D:5:      layout_basic, fiery_altar_vehumet, nicolae_ossuary_entry_catacombs

Skill      XL: |  1  2  3  4  5  6 |
---------------+-------------------+-----
Spellcasting   | 4 5 6 |  6.5
Conjurations   | 5 6 |  6.5
Hexes          | 1 2 |  2.5
Dodging        | |  2.4
Stealth        | |  2.4

Action                   |  1- 3 |  4- 6 || total
-------------------------+-------+-------++-------
Melee: Short sword       |       |    15 ||    15
       Punch             |       |     1 ||     1
 Cast: Magic Dart        |    72 |   108 ||   180
  Use: Scroll            |       |     7 ||     7
       Potion            |       |     3 ||     3
Armor: Robe              |     7 |    23 ||    30
Dodge: Dodged            |     5 |    51 ||    56
